AoeStats
← sadsciencee

Arabia

508818832Analyzed
1v1 RM · 8d ago on Sep 24, 2026· 67m 6s· 2 players
Game mode
Random Map
Map size
Tiny (2 player)
Population
200
Speed
Normal
Resources
Standard
Victory
Conquest
Starting age
Dark Age
Ending age
Imperial Age
RankedLock teamsTeams togetherTeam positionsShared explorationLock speedFull tech treeHidden civsTurbo modeCheats
Victory
Defeat
🇦🇺 Bohemians · Australia
858
+17
🇺🇸 Mongols · United States
875
-17
shaun.brown91
10:11 Feudal Age
11:58 Double-Bit Axe
17:55 Arson
18:11 Man-at-Arms
20:50 Scale Mail Armor
25:02 Castle Age
23:46 Horse Collar
26:40 Bow Saw
25:56 Long Swordsman
26:49 Squires
28:06 Chemistry
26:37 Elite Skirmisher
30:37 Padded Archer Armor
35:33 Chain Mail Armor
36:36 Leather Archer Armor
38:57 Pikeman
45:25 Imperial Age
46:48 Two-Handed Swordsman
48:49 Ring Archer Armor
48:51 Wagenburg Tactics
49:56 Two-Man Saw
49:36 Wheelbarrow
49:42 Wheelbarrow
53:29 Forging
53:17 Champion
55:14 Hand Cart
56:32 Cavalier
58:50 Scale Barding Armor
60:42 Plate Mail Armor
62:45 Chain Barding Armor
sadsciencee
8:45 Feudal Age
7:50 Loom
11:14 Double-Bit Axe
16:16 Padded Archer Armor
16:10 Horse Collar
18:15 Fletching
22:24 Castle Age
21:20 Bloodlines
21:41 Forging
23:18 Thumb Ring
23:20 Bodkin Arrow
23:40 Leather Archer Armor
24:02 Bow Saw
29:49 Thumb Ring
30:19 Elite Skirmisher
47:35 Scale Barding Armor
61:55 Gold Mining
62:09 Heavy Plow
63:26 Pikeman
Connection lost

Rejoining the realm…

Still unreachable

The connection could not be restored.

Session expired

The server has moved on; the page needs a fresh start.